Unix NetHack Version 5.0.0-0 post-release - last build May 10 2026 23:12:36 (d1fa5d53e341ca933230fdaa984d921c805b60aa,branch:main).

Game began 2026-05-14 03:23:01, ended 2026-05-14 04:20:12.

IanCurtis, chaotic male elven Wizard

 ----------------
 |....<.........|            ------
 |..............|        ####...`.|                      ----------
 |..............|         #  |....-                      |........|
 ---|------------         #  |....|                      |........|
    ###                   #  |.....       ###############|.........#
      ###                 #  |.`..|        ##           #---|------#
      ######              #  --|-.-         #           #####      #
        ########          #    ^ #          #             ##      ##
           +   #         ##      #          #             ###     #
              ######     #       #####      #             #      ##
                 # ##    #      -----.-     ###           #  ##  #---------
                  --|--- #      |.>....####   #           #   ####|.....*.|
                  .....|)#      |.....|       #####       #      #|.......|
                  |.....#       |......##f        #-------.-     #-..^....|
                  |....|        |.....|  d@###    #|.......|      |.......|
                  ------        -------      ######........|      ---------
                                                   |.......|
                                                   ---------

IanCurtis the Conjurer    St:10 Dx:12 Co:16 In:20 Wi:9 Ch:11  Chaotic
Dlvl:6  $:123 HP:0(31) Pw:25(50) AC:8  Xp:5 T:3153  Hungry  

Latest messages:
 You stop.  Your kitten is in the way!
 That door is closed.
 The door opens.
 You see here 7 gold pieces.
 $ - 7 gold pieces (123 in total).
 The kitten suddenly disappears!
 You see here a white gem.
 Please move the cursor to a monster, object or location.
 (For instructions type a '?')
 The newt bites!
 You kill the newt!
 You swap places with your kitten.
 You are beginning to feel hungry.
 You swap places with your kitten.
 The giant ant bites!
 You hit the giant ant!
 The giant ant bites!
 You miss the giant ant.
 The giant ant bites!
 You kill the giant ant!
 You see here a giant ant corpse.
 There is a giant ant corpse here; eat it? [ynq] (n) y
 This giant ant corpse is gamey.
 You finish eating the giant ant corpse.
 The dog bites!
 In what direction? h
 The spell misses the dog.
 The dog bites!
 In what direction? h
 The spell misses the dog.
 The dog bites!
 The dog bites!
 In what direction? h
 The spell misses the dog.
 The dog bites!
 In what direction? h
 The spell hits the dog!
 The dog bites!
 The kitten misses the dog.
 The kitten misses the dog.
 The kitten misses the dog.
 The dog bites!
 The kitten misses the dog.
 In what direction? h
 The spell misses the dog.
 The dog bites!
 The kitten misses the dog.
 The dog bites!
 You die...
 Do you want your possessions identified? [ynq] (y) q

Inventory:
 Coins    ('$')
  $ - 123 gold pieces
 Amulets  ('"')
  I - an uncursed amulet of ESP
 Weapons  (')')
  a - a blessed +1 quarterstaff (weapon in hands)
 Armor    ('[')
  q - an uncursed greased +0 orcish helm (being worn)
  b - an uncursed greased +0 cloak of magic resistance (being worn)
 Comestibles  ('%')
  P - an uncursed food ration
 Scrolls  ('?')
  i - 2 uncursed scrolls of blank paper
  E - an uncursed scroll of enchant weapon
  j - an uncursed scroll of gold detection
  t - an uncursed scroll of identify
  L - an uncursed scroll of identify named identify
  J - an uncursed scroll of taming
 Spellbooks  ('+')
  m - an uncursed spellbook of create monster
  F - an uncursed spellbook of fireball
  l - a blessed spellbook of force bolt
  v - a blessed spellbook of force bolt
 Potions  ('!')
  r - a blessed potion of gain ability
  S - an uncursed potion of healing
  h - an uncursed potion of monster detection
  g - an uncursed potion of see invisible
  H - a cursed potion of sickness
  f - an uncursed potion of water
 Rings    ('=')
  d - an uncursed ring of cold resistance
  x - an uncursed -1 ring of increase damage
  s - an uncursed ring of protection from shape changers
  z - an uncursed ring of regeneration
  y - an uncursed ring of see invisible
  w - an uncursed ring of stealth
  e - an uncursed ring of warning
 Wands    ('/')
  c - a wand of create monster (0:12)
  G - a wand of locking (0:5)
 Tools    ('(')
  o - an uncursed bugle
  K - an uncursed tooled horn
  A - a can of grease (0:18)
  k - an uncursed lock pick
  n - a magic marker (0:20)

IanCurtis the Wizard's attributes:

Background:
 You were a Conjurer, a level 5 male elven Wizard.
 You were chaotic, on a mission for Anhur
 who was opposed by Ptah (lawful) and Thoth (neutral).
 You were left-handed.
 You were in the Dungeons of Doom, on level 6.
 You entered the dungeon 3153 turns ago.
 It was nighttime.
 You had 175 experience points, 145 more were needed to attain level 6.

Basics:
 You had 0 out of 31 hit points.
 You had 25 out of 50 energy points (spell power).
 Your armor class was 8.
 Your wallet contained 123 zorkmids.
 Autopickup was off.

Final Characteristics:
 Your strength was 10 (limit:18).
 Your dexterity was 12 (limit:18).
 Your constitution was 16 (limit:16).
 Your intelligence was 20 (limit:20).
 Your wisdom was 9 (limit:20).
 Your charisma was 11 (limit:18).

Final Status:
 You were hungry.
 You were unencumbered.
 You were wielding a quarterstaff.
 You had basic skill with quarterstaff.

Final Attributes:
 You were piously aligned.
 You were magic-protected.
 You were sleep resistant.
 You had infravision.
 You were warded.
 You are dead.

Miscellaneous:
 You didn't encounter any bones levels.
 Total elapsed playing time was 43 minutes and 20 seconds.

Major events:
 Turn
    1: IanCurtis the chaotic male elven Wizard entered the dungeon
 1429: attained the rank of Conjurer (level 3)
 3153: killed by a dog

Spells:
 Name                 Level Category     Fail Retention
 force bolt             1   attack         0%   81%-90%
 create monster         2   clerical      44%  76%-100%

Skills:
 Fighting Skills
   bare handed combat [Unskilled]
   riding             [Unskilled]
 Weapon Skills
   dagger             [Unskilled]
   knife              [Unskilled]
   axe                [Unskilled]
   short sword        [Unskilled]
   club               [Unskilled]
   mace               [Unskilled]
   quarterstaff       [Basic]
   polearms           [Unskilled]
   spear              [Unskilled]
   trident            [Unskilled]
   sling              [Unskilled]
   dart               [Unskilled]
   shuriken           [Unskilled]
 Spellcasting Skills
   attack spells      [Basic]
   healing spells     [Unskilled]
   divination spells  [Unskilled]
   enchantment spells [Basic]
   clerical spells    [Unskilled]
   escape spells      [Unskilled]
   matter spells      [Unskilled]

Voluntary challenges:
 Character rerolling was not enabled.
 You were illiterate.
 You never genocided any monsters.
 You never polymorphed an object.
 You never changed form.
 You used no wishes.
Achievements:
 You entered a shop.
 You attained the rank of Conjurer.

 The Dungeons of Doom: levels 1 to 7
    Level 1:
       A fountain.
    Level 2: "vault"
       A ring shop, a fountain.
    Level 3:
    Level 4:
       A general store, a fountain.
    Level 5:
    Level 6: <- You were here.
       Final resting place for
          you, killed by a dog.
    Level 7:


Vanquished creatures:
  a rock piercer
  2 giant ants
  a kitten
  2 dwarves
  a rothe
  2 giant bats
 an iguana
 an acid blob
  a coyote
  a gas spore
  a large kobold
  2 giant rats
  a brown mold
  a green mold
  3 red molds
  3 geckos
  4 jackals
  a fox
  3 goblins
  3 sewer rats
  6 grid bugs
  a bat
  3 lichens
  a kobold zombie
  9 newts
55 creatures vanquished.

No species were genocided or became extinct.

Game over:
                       ----------
                      /          \
                     /    REST    \
                    /      IN      \
                   /     PEACE      \
                  /                  \
                  |    IanCurtis     |
                  |      123 Au      |
                  | killed by a dog  |
                  |                  |
                  |                  |
                  |                  |
                  |       2026       |
                 *|     *  *  *      | *
        _________)/\\_//(\/(/\)/\//\/|_)_______

Goodbye IanCurtis the Wizard...

You died in The Dungeons of Doom on dungeon level 6 with 1111 points,
and 123 pieces of gold, after 3153 moves.
You were level 5 with a maximum of 31 hit points when you died.

